Map: Taito Citadel LE

Players

Proximus - Winner!

  • Race: Terran Terran
  • League: Diamond
  • Spawn Location: 11:00

HoldTheDoor

  • Race: Protoss Protoss
  • League: Diamond
  • Spawn Location: 5:00

VOD

Have the link to the VOD?

Description

Time

  • Played on: May 12, 2026, 12:30 p.m.
  • Length: 11:15
Show
View Real Time Build Order
Export as new Build Order

Proximus Terran - Winner!

Build Orders:  

Get SALT Encoding   

  12  0:01  SCV  
  13  0:13  SCV  
  14  0:25  SCV  
  15  0:31  Supply Depot  
  15  0:38  Refinery  
  15  0:52  SCV  
  15  0:53  Barracks  
  16  1:04  SCV  
  17  1:16  SCV  
  18  1:23  Engineering Bay  
  18  1:31  Supply Depot  
  18  1:35  SCV  
  19  1:43  Marine  
  20  1:50  Orbital Command  
  20  1:51  Bunker  
  20  2:10  Factory  
  20  2:14  Barracks Reactor  
  20  2:16  SCV  
  21  2:28  SCV  
  22  2:40  SCV  
  23  2:51  Marine  
  23  2:52  Marine  
  23  2:53  SCV  
  23  2:54  Widow Mine  
  28  3:01  Command Center  
  28  3:05  SCV  
  29  3:14  Supply Depot  
  29  3:21  SCV  
  29  3:24  Refinery  
  29  3:25  Barracks Tech Lab  
  30  3:27  Engineering Bay  
  30  3:33  SCV  
  31  3:36  Widow Mine x2  
  35  3:44  Marauder  
  35  3:45  Concussive Shells  
  37  3:52  SCV  
  38  3:56  Missile Turret  
  38  4:01  Supply Depot  
  38  4:04  SCV  
  39  4:12  Starport, Widow Mine x2  
  39  4:14  Orbital Command  
  43  4:20  Marauder  
  43  4:21  SCV  
  46  4:28  Supply Depot  
  46  4:32  Missile Turret  
  46  4:33  SCV  
  37  4:53  Liberator  
  37  4:54  SCV  
  44  5:00  Widow Mine x2  
  44  5:05  SCV  
  42  5:17  Marauder  
  42  5:19  SCV  
  49  5:21  Widow Mine x2  
  46  5:38  Marauder  
  50  5:42  Widow Mine  
  50  5:43  Widow Mine  
  50  5:50  Liberator  
  50  5:51  SCV  
  50  5:54  Orbital Command  
  54  5:59  Marauder  
  54  6:04  Widow Mine x2, SCV  
  61  6:16  SCV  
  57  6:38  SCV x2  
  56  6:53  Widow Mine x2  
  53  6:58  SCV  
  49  7:03  Orbital Command  
  48  7:10  SCV  
  47  7:17  Liberator  
  48  7:23  SCV  
  48  7:24  Barracks Reactor  
  48  7:26  Hellion  
  48  7:27  Hellion  
  53  7:32  Bunker  
  53  7:33  SCV  
  53  7:35  Hi-Sec Auto Tracking  
  54  7:39  SCV, Missile Turret  
  55  7:46  Factory  
  55  7:48  Hellion, SCV  
  58  7:56  SCV  
  59  8:01  Liberator  
  59  8:04  Widow Mine  
  62  8:09  Widow Mine  
  59  8:15  Marine x2  
  57  8:23  Refinery x2  
  57  8:24  Supply Depot  
  57  8:25  Widow Mine  
  59  8:30  SCV x2  
  59  8:31  Widow Mine  
  59  8:33  Siege Tank  
  66  8:38  Command Center  
  66  8:46  Widow Mine  
  65  8:52  Widow Mine  
  65  8:53  SCV x2  
  68  9:03  Armory, Barracks Tech Lab  
  68  9:11  Command Center  
  68  9:14  Missile Turret x2  
  68  9:15  Medivac  
  70  9:28  Missile Turret  
  70  9:29  Factory  
  70  9:49  Liberator, Widow Mine, SCV x2  
  70  9:51  Widow Mine x2  
  72  10:04  Liberator  
  72  10:10  Widow Mine  
  72  10:12  Siege Tank, Widow Mine  
  73  10:39  Missile Turret  
  73  10:41  Missile Turret  
  73  10:44  Orbital Command  
  73  10:47  Orbital Command  
  73  11:03  SCV x2  
Show
View Real Time Build Order
Export as new Build Order

HoldTheDoor Protoss 

Build Orders:  

Get SALT Encoding   

  12  0:00  Probe  
  13  0:12  Probe  
  14  0:17  Pylon  
  14  0:23  Probe  
  15  0:31  Probe  
  15  0:38  Gateway  
  15  0:40  Probe  
  16  0:49  Assimilator  
  17  0:50  Probe  
  18  1:03  Probe  
  19  1:11  Pylon  
  19  1:15  Probe  
  20  1:35  Cybernetics Core  
  20  1:47  Assimilator  
  20  1:52  Gateway  
  20  1:55  Pylon  
  20  1:58  Probe  
  21  2:04  Adept  
  23  2:11  Probe  
  24  2:16  Warp Gate  
  24  2:19  Pylon  
  24  2:22  Shield Battery  
  24  2:23  Probe  
  25  2:31  Robotics Facility  
  25  2:34  Gateway  
  25  2:36  Pylon  
  25  2:41  Stalker  
  27  2:49  Stalker  
  27  2:55  Probe  
  30  3:10  Sentry  
  30  3:12  Immortal  
  38  3:43  Immortal  
  38  3:46  Pylon  
  36  3:51  Gateway  
  40  4:04  Stalker  
  40  4:05  Pylon  
  40  4:06  Adept  
  44  4:12  Adept  
  46  4:26  Shield Battery  
  46  4:33  Immortal  
  36  4:55  Stalker x2  
  36  4:56  Stalker  
  42  5:17  Stalker  
  42  5:18  Stalker x2  
  46  5:34  Observer  
  41  5:43  Stalker  
  43  6:07  Stalker x2  
  43  6:08  Stalker  
  43  6:10  Zealot  
  44  6:39  Stalker x3  
  32  6:58  Stalker  
  32  7:01  Immortal  
  30  7:19  Stalker  
  30  7:20  Stalker  
  32  7:30  Stalker  
  32  7:36  Probe  
  35  7:43  Stalker  
  37  7:45  Zealot x2  
  31  8:13  Stalker x2  
  31  8:14  Stalker x2  
  39  8:30  Observer  
  39  8:31  Shield Battery  
  40  8:57  Stalker x3  
  46  9:06  Adept  
  48  9:21  Adept  
  48  9:24  Adept  
  52  9:31  Adept  
  41  10:04  Stalker  
  41  10:05  Stalker  
  39  10:08  Adept  
  39  10:27  Stalker  
  41  10:29  Adept  
  41  10:31  Sentry  
  45  10:44  Stalker  
  47  10:56  Stalker  
Tags
 
Add a new tag
Caveats
  • Supply blocks, unpowered buildings, or Contaminate may cause inaccurate times.
  • Supply counts are checked every 10 seconds.